AoeStats
← Orange_Samo

Arena

509877795Analyzed
4v4 RM · 4d ago on Sep 28, 2026· 44m 5s· 8 players
Game mode
Random Map
Map size
Large (8 player)
Population
200
Speed
Normal
Resources
Standard
Victory
Conquest
Starting age
Dark Age
Ending age
Imperial Age
RankedLock teamsTeams togetherTeam positionsShared explorationLock speedFull tech treeHidden civsTurbo modeCheats
Victory
Defeat
🇨🇳 Varangians · China
926
+14
🇨🇳 Huns · China
907
+15
🇨🇳 Britons · China
880
+16
🇨🇳 Persians · China
787
+21
🇫🇷 Lithuanians · France
926
-18
🇳🇱 Huns · Netherlands
892
-17
🇩🇪 Bohemians · Germany
868
-16
🇸🇪 Franks · Sweden
841
-15
Orange_Samo
5:06 Loom
10:42 Feudal Age
15:16 Castle Age
13:41 Double-Bit Axe
16:19 Horse Collar
18:52 Bow Saw
19:26 Heavy Plow
24:43 Wheelbarrow
30:30 Imperial Age
30:00 Chemistry
30:29 Hand Cart
31:54 Fervor
33:47 Siege Engineers
41:06 Houfnice
NewTrinity78
3:20 Loom
11:45 Feudal Age
12:41 Double-Bit Axe
13:05 Horse Collar
18:20 Castle Age
18:19 Scale Barding Armor
18:24 Forging
18:17 Scale Mail Armor
22:12 Pikeman
25:47 Bow Saw
29:23 Heavy Plow
32:12 Imperial Age
31:30 Chain Barding Armor
31:56 Iron Casting
31:36 Squires
32:29 Husbandry
32:40 Bloodlines
32:26 Arson
34:33 Two-Man Saw
33:26 Fletching
33:17 Halberdier
33:39 Cavalier
34:54 Chain Mail Armor
36:33 Caravan
39:18 Blast Furnace
39:46 Capped Ram
IsidoreDucasse
10:05 Feudal Age
11:50 Wheelbarrow
11:01 Loom
15:36 Castle Age
14:53 Double-Bit Axe
15:00 Horse Collar
15:47 Gold Mining
18:11 Bow Saw
19:41 Heavy Plow
21:12 Stone Mining
23:30 Redemption
25:45 Hand Cart
27:10 Stone Shaft Mining
27:00 Atonement
27:11 Fervor
27:38 Pikeman
28:19 Squires
28:05 Arson
29:37 Man-at-Arms
32:24 Coinage
34:34 Imperial Age
32:38 Light Cavalry
33:29 Bloodlines
33:20 Husbandry
35:49 Crop Rotation
36:11 Banking
35:42 Cavalier
36:36 Capped Ram
38:54 Halberdier
38:56 Long Swordsman
41:01 Two-Man Saw
40:11 Scale Barding Armor
40:17 Forging
39:59 Fletching
40:09 Padded Archer Armor
40:40 Guilds
41:14 Paladin
42:20 Two-Handed Swordsman
Cpt Wetbeard
11:35 Feudal Age
16:09 Castle Age
14:12 Double-Bit Axe
16:50 Pikeman
23:24 Scale Barding Armor
24:25 Forging
27:39 Iron Casting
29:17 Husbandry
29:39 Chain Barding Armor
36:51 Imperial Age
35:54 Caravan
38:11 Plate Barding Armor
37:54 Cavalier
风从草原走过
11:04 Feudal Age
14:49 Castle Age
13:06 Loom
14:03 Double-Bit Axe
14:00 Horse Collar
15:49 Bow Saw
15:41 Heavy Plow
26:31 Wheelbarrow
30:11 Imperial Age
27:57 Stone Mining
29:23 Fortified Wall
29:06 Fletching
30:23 Hand Cart
30:44 Squires
30:05 Pikeman
32:14 Two-Man Saw
31:40 Warwolf
32:39 Bodkin Arrow
33:08 Gold Mining
33:05 Town Watch
33:21 Bracer
33:21 Padded Archer Armor
33:22 Scale Mail Armor
33:33 Forging
34:29 Yeomen
34:47 Hoardings
35:33 Leather Archer Armor
36:56 Chain Mail Armor
37:05 Ballistics
37:45 Chemistry
36:42 Murder Holes
37:48 Conscription
38:10 Elite Longbowman
40:30 Ring Archer Armor
40:31 Plate Mail Armor
40:36 Iron Casting
42:13 Halberdier
42:39 Arson
42:40 Gambesons
43:23 Masonry
大表哥
5:07 Loom
10:10 Feudal Age
16:18 Castle Age
15:43 Double-Bit Axe
16:51 Forging
16:45 Scale Mail Armor
17:26 Wheelbarrow
17:21 Horse Collar
17:40 Stone Mining
24:33 Town Watch
26:17 Gold Mining
27:20 Stone Shaft Mining
26:57 Squires
28:30 Masonry
28:47 Bloodlines
27:57 Light Cavalry
28:38 Husbandry
29:13 Heavy Plow
35:39 Imperial Age
33:27 Hand Cart
33:32 Bow Saw
35:06 Iron Casting
34:38 Scale Barding Armor
34:25 Fletching
34:24 Arson
36:48 Conscription
37:37 Elite Varangian Guard
39:07 Ballistics
39:19 Architecture
38:55 Siege Engineers
38:15 Pikeman
39:03 Cavalier
40:03 Gothikon
40:24 Capped Ram
41:18 Town Patrol
42:24 Blast Furnace
41:25 Vendel Legacy
42:07 Elite Jarl
44:06 Chain Barding Armor
44:02 Chain Mail Armor
伐伐伐伐木工
10:50 Feudal Age
11:15 Loom
16:08 Castle Age
13:56 Double-Bit Axe
14:32 Horse Collar
15:41 Gold Mining
22:02 Wheelbarrow
21:31 Stone Mining
22:57 Husbandry
23:49 Pikeman
24:30 Squires
27:11 Masonry
27:41 Forging
31:51 Scale Mail Armor
40:22 Bow Saw
40:15 Heavy Plow
MaChi
9:47 Feudal Age
12:19 Double-Bit Axe
13:04 Loom
14:23 Horse Collar
18:48 Castle Age
17:16 Stone Mining
17:34 Gold Mining
17:54 Fletching
19:14 Scale Barding Armor
20:43 Gold Shaft Mining
22:24 Bow Saw
24:12 Wheelbarrow
24:45 Murder Holes
25:00 Masonry
25:27 Forging
26:52 Bloodlines
26:42 Husbandry
28:05 Iron Casting
27:42 Husbandry
29:08 Hand Cart
29:24 Heavy Plow
30:19 Chain Barding Armor
31:10 Ballistics
31:40 Town Watch
34:39 Imperial Age
32:26 Town Patrol
32:25 Bodkin Arrow
32:51 Marauders
33:57 Masonry
33:51 Padded Archer Armor
34:52 Leather Archer Armor
36:31 Blast Furnace
36:01 Conscription
35:55 Elite Tarkan
37:29 Plate Barding Armor
38:07 Two-Man Saw
Connection lost

Rejoining the realm…

Still unreachable

The connection could not be restored.

Session expired

The server has moved on; the page needs a fresh start.